 Dungeon Crawl Stone Soup version 0.30-a0-830-gfe289a77b0 (webtiles) character file.

Game seed: 6423573190664393523

68 cforsyth the Sneak (level 4, -3/28 HPs)
             Began as a Kobold Brigand on Feb 28, 2023.
             Killed by divine providence
             ... invoked by an orc priest
              (8 damage)
             ... on level 3 of the Dungeon.
             The game lasted 00:01:27 (1614 turns).

cforsyth the Sneak (Kobold Brigand)                 Turns: 1614, Time: 00:01:28

Health: -3/28      AC:  4    Str:  8    XL:     4   Next: 41%
Magic:  4/4        EV: 15    Int: 12    God:
Gold:   100        SH:  0    Dex: 18    Spells: 3/3 levels left

rFire   . . .      SeeInvis .    a - +2 dagger
rCold   . . .      Faith    .    (no shield)
rNeg    . . .      Spirit   .    b - +0 robe
rPois   .          Reflect  .    (no helmet)
rElec   .          Harm     .    c - +0 cloak
rCorr   .          Rampage  .    (no gloves)
Will    .....                    g - +0 pair of boots
Stlth   ++                       (no amulet)
HPRegen 0.24/turn                (no ring)
MPRegen 0.09/turn                (no ring)

@: confused, ambrosia-drunk
A: small, no large weapons, nightstalker 3
a: no special abilities


You were on level 3 of the Dungeon.
You visited 1 branch of the dungeon, and saw 3 of its levels.

You collected 100 gold pieces.

Inventory:

Hand Weapons
 a - a +2 dagger (weapon)
Missiles
 d - 9 poisoned darts (quivered)
 e - 3 curare-tipped darts
Armour
 b - a +0 robe (worn)
 c - a +0 cloak (worn)
 g - a +0 pair of boots (worn)
Jewellery
 j - a ring of positive energy
 m - a ring of fire
Scrolls
 i - a scroll of vulnerability {unknown}
 k - a scroll of torment {unknown}
 l - a scroll of identify {unknown}
 n - 3 scrolls of noise {unknown}
 q - a scroll of enchant weapon {unknown}
Potions
 h - a potion of lignification {unknown}
 o - a potion of berserk rage {unknown}
 p - a potion of might {unknown}


   Skills:
 + Level 3.0 Fighting
 + Level 3.7 Short Blades
 - Level 2.1 Throwing
 + Level 2.5 Dodging
 + Level 6.0 Stealth


You had 3 spell levels left.
You didn't know any spells.
Your spell library contained the following spells:

 Spells                   Type           Power      Damage    Failure   Level
 Frozen Ramparts          Ice            0%         1d1       69%         3
 Ice Form                 Ice/Tmut       0%         N/A       97%         4
 Summon Ice Beast         Ice/Summ       0%         N/A       97%         4


Dungeon Overview and Level Annotations

Branches:
Dungeon (3/15)

Altars:
Yredelemnul


Innate Abilities, Weirdness & Mutations

You are small and have problems with some larger weapons.
You are completely attuned to the shadows.


Message History

Pain shoots through your body! The orc hits you with a +0 trident.
You hit the orc priest but do no damage.
The orc misses you. The orc priest completely misses you.
You hit the orc priest but do no damage.
The orc priest closely misses you. The orc hits you with a +0 trident.
You are too injured to fight recklessly!
You are too injured to fight recklessly!
You are too injured to fight recklessly!
You are too injured to fight recklessly!
You are too injured to fight recklessly!
You are too injured to fight recklessly!
You are too injured to fight recklessly!
You are too injured to fight recklessly!
You are too injured to fight recklessly!
You are too injured to fight recklessly!
You are too injured to fight recklessly!
You are too injured to fight recklessly!
You are too injured to fight recklessly!
You are too injured to fight recklessly!
You barely miss the orc priest.
You hit the orc priest but do no damage.
The orc priest hits you with a +0 dagger.
The orc barely misses you.
You barely miss the orc priest.
The orc priest hits you with a +0 dagger.
The orc hits you but does no damage.
You closely miss the orc priest. The orc priest misses you.
The orc hits you but does no damage.
You hit the orc priest.
The orc priest is moderately wounded.
The orc priest closely misses you. The orc hits you with a +0 trident!
* * * LOW HITPOINT WARNING * * *
You hit the orc priest but do no damage.
The orc priest is moderately wounded.
It was a potion of ambrosia.
You are confused.
You feel invigorated.
The orc priest invokes the aid of Beogh against you.
Beogh smites you!
You die...

#####
#.o[############
#.o@)..........#
#.<.##########.#
##.## ####.#####
#. .......... #.
#######.##
####.## ......#
....... .<....#


You could see an orc priest and an orc.

Vanquished Creatures
  2 adders (D:2)
  3 dart slugs
  An orc (D:3)
  An endoplasm (D:3)
  5 goblins
  4 hobgoblins
  2 jackals (D:3)
  2 quokkas (D:1)
  2 ball pythons
  7 bats
  7 frilled lizards
  3 kobolds (D:1)
  4 rats
43 creatures vanquished.

Notes
Turn   | Place    | Note
-------+----------+-------------------------------------------
     0 | D:1      | cforsyth the Kobold Brigand began the quest for the Orb.
     0 | D:1      | Reached XP level 1. HP: 12/12 MP: 1/1
   157 | D:1      | Reached XP level 2. HP: 18/18 MP: 2/2
   325 | D:1      | Reached XP level 3. HP: 22/22 MP: 3/3
   780 | D:2      | Found a basalt altar of Yredelemnul.
   835 | D:2      | Reached XP level 4. HP: 22/27 MP: 4/4
  1327 | D:2      | You fall into a shaft and drop 1 floor!
  1604 | D:3      | Reached skill level 6 in Stealth
  1612 | D:3      | HP: 1/28 [orc/+0 trident (8)]
  1614 | D:3      | Killed from afar by an orc priest

Illustrated notes

Levels and vault maps discovered:
D:1:      sevenhm_arrival_forest_fort_large_1, layout_basic,
          minmay_misc_feat_more_columns, corner_web_ring, nrook_mini_backslash
D:2:      layout_basic, basic_altar, hangedman_decor_points,
          hangedman_decor_push
D:3:      layout_loops_ring

Skill      XL: |  1  2  3  4 |
---------------+-------------+-----
Short Blades   | 3 |  3.7
Dodging        | 2 |  2.5
Fighting       | 3 |  3.0
Stealth        | 6 |  6.0
Throwing       | |  2.1

Action                     |  1- 3 |  4- 6 || total
---------------------------+-------+-------++-------
  Melee: Dagger            |    74 |    30 ||   104
         Punch             |     1 |       ||     1
    Use: Potion            |       |     1 ||     1
   Stab: Sleeping          |    15 |     8 ||    23
 Armour: Robe              |    19 |     3 ||    22
  Dodge: Dodged            |    50 |    20 ||    70

Table legend: (Time is in decaauts)
 A = Elapsed time spent in this place.
 B = Non-inter-level travel time spent in this place.
 C = Inter-level travel time spent in this place.
 D = Time resting spent in this place.
 E = Time spent auto-exploring this place.
 F = Levels seen in this place.
 G = Mean time per level.
                   A        B        C        D        E       F      G
               +--------+--------+--------+--------+--------+-----+--------+
         Total |   1605 |   1579 |     26 |      0 |   1320 |   3 |  535.0 |
       Dungeon |   1605 |   1579 |     26 |      0 |   1320 |   3 |  535.0 |
               +--------+--------+--------+--------+--------+-----+--------+

Top non-repeatable levels by time:
     D:1: 694 daAuts
     D:2: 628 daAuts
     D:3: 282 daAuts
